Map: Coda LE (Void)

Players

AtlasGrip

  • Race: Protoss Protoss

Bop - Winner!

  • Race: Zerg Zerg

VOD

Have the link to the VOD?

Description

Time

  • Played on: May 7, 2015, 2:13 a.m.
  • Length: 10:44
Show
View Real Time Build Order
Export as new Build Order

AtlasGrip Protoss 

Build Orders:  

Get SALT Encoding   

  12  0:01  Probe  
  13  0:13  Pylon  
  13  0:18  Probe  
  14  0:31  Probe (Chrono Boost)  
  16  0:43  Probe (Chrono Boost)  
  16  0:49  Probe (Chrono Boost)  
  17  1:07  Nexus  
  17  1:10  Probe  
  18  1:19  Gateway  
  18  1:22  Probe (Chrono Boost)  
  19  1:32  Probe (Chrono Boost), Assimilator  
  20  1:39  Pylon  
  20  1:41  Probe  
  21  1:53  Probe  
  22  1:56  Assimilator  
  22  2:05  Probe  
  23  2:08  Cybernetics Core  
  23  2:13  Zealot  
  25  2:17  Probe (Chrono Boost)  
  25  2:20  Probe (Chrono Boost)  
  27  2:29  Probe (Chrono Boost)  
  28  2:32  Probe (Chrono Boost)  
  30  2:38  Probe (Chrono Boost)  
  30  2:39  Probe (Chrono Boost)  
  31  2:45  Warp Gate (Chrono Boost)  
  31  2:46  Probe  
  31  2:47  Stalker (Chrono Boost)  
  31  2:51  Probe  
  35  2:55  Pylon  
  35  2:58  Probe  
  35  3:03  Mothership Core  
  37  3:14  Probe  
  37  3:24  Probe  
  37  3:26  Probe  
  39  3:28  Gateway  
  39  3:31  Gateway  
  39  3:35  Adept  
  39  3:36  Probe  
  39  3:38  Probe  
  43  3:49  Probe  
  43  3:50  Probe  
  43  3:52  Gateway  
  43  3:54  Gateway  
  45  3:56  Gateway  
  45  4:00  Probe, Pylon  
  46  4:02  Probe  
  46  4:08  Probe  
  47  4:11  Probe, Assimilator  
  47  4:15  Gateway  
  49  4:18  Pylon  
  49  4:22  Probe  
  50  4:25  Assimilator  
  50  4:28  Pylon  
  50  4:37  Probe x2  
  52  4:41  Sentry  
  52  4:42  Sentry x2  
  58  4:49  Probe  
  59  4:55  Sentry  
  59  4:56  Sentry, Probe  
  64  5:00  Adept  
  64  5:01  Probe  
  64  5:04  Pylon  
  67  5:07  Pylon  
  67  5:08  Probe  
  67  5:11  Sentry  
  67  5:12  Zealot  
  67  5:13  Probe, Zealot  
  75  5:18  Pylon  
  75  5:20  Probe, Pylon  
  76  5:25  Probe  
  76  5:27  Adept  
  76  5:28  Adept x3  
  83  5:33  Probe  
  83  5:34  Zealot  
  88  5:37  Probe  
  89  5:42  Pylon  
  89  5:45  Probe, Adept x2  
  89  5:49  Probe  
  94  5:57  Probe  
  76  6:13  Stalker x3  
  76  6:14  Adept x3  
  76  6:15  Adept  
  76  6:16  Probe  
  76  6:18  Probe  
  92  6:31  Probe  
  93  6:36  Robotics Facility  
  93  6:40  Pylon  
  93  6:43  Forge  
  93  6:50  Adept x4  
  93  6:53  Adept  
  103  6:54  Adept  
  103  6:57  Adept  
  105  7:13  Stalker x3  
  105  7:17  Adept, Zealot  
  105  7:19  Probe, Protoss Ground Weapons Level 1  
  110  7:24  Stalker  
  110  7:26  Stalker  
  114  7:31  Observer (Chrono Boost)  
  115  7:40  Pylon  
  115  7:42  Adept x4  
  93  8:12  Stalker x3  
  99  8:18  Probe x2  
  101  8:20  Pylon  
  101  8:24  Warp Prism  
  103  8:30  Probe x2  
  103  8:33  Photon Cannon  
  103  8:42  Stalker x5  
  103  8:43  Stalker x2  
  115  9:05  Stalker x2  
  115  9:06  Stalker x2  
  122  9:27  Adept x2  
  122  9:28  Adept  
  122  9:30  Probe  
  119  9:49  Zealot  
  119  9:50  Zealot  
  119  9:52  Probe  
  124  9:54  Pylon  
  124  9:59  Pylon  
  120  10:00  Pylon  
Show
View Real Time Build Order
Export as new Build Order

Bop Zerg - Winner!

Build Orders: Hatch First, Swarm Host 

Get SALT Encoding   

  12  0:01  Drone  
  13  0:12  Overlord  
  13  0:18  Drone  
  14  0:30  Drone x2  
  14  0:34  Drone  
  17  0:54  Hatchery  
  16  0:57  Drone  
  16  1:00  Drone  
  16  1:03  Extractor  
  17  1:11  Drone  
  18  1:19  Spawning Pool  
  18  1:23  Drone  
  19  1:32  Drone  
  19  1:41  Overlord  
  19  1:56  Drone  
  20  2:06  Metabolic Boost, Queen x2  
  24  2:10  Zergling x2  
  24  2:13  Zergling x2  
  26  2:16  Drone  
  26  2:20  Drone  
  28  2:23  Drone  
  28  2:27  Drone  
  30  2:35  Drone  
  31  2:39  Drone  
  32  2:44  Burrow  
  32  2:46  Drone  
  32  2:48  Queen  
  35  2:53  Drone  
  35  2:56  Overlord  
  36  3:12  Overlord  
  36  3:19  Drone  
  41  3:20  Drone x7  
  41  3:24  Overlord  
  43  3:29  Lair  
  43  3:32  Drone x2  
  45  3:34  Zergling x2  
  45  3:36  Zergling x2  
  47  3:43  Extractor  
  46  3:51  Drone x2  
  46  3:52  Overlord  
  48  3:56  Drone x4  
  48  4:02  Overlord  
  52  4:03  Overlord  
  52  4:06  Drone x3  
  52  4:08  Extractor x2  
  53  4:13  Drone x2  
  55  4:25  Queen  
  55  4:27  Overseer  
  55  4:29  Infestation Pit  
  56  4:35  Zergling x22  
  67  4:55  Overlord  
  67  5:05  Swarm Host x2  
  67  5:06  Swarm Host  
  79  5:11  Swarm Host  
  82  5:20  Overseer  
  82  5:21  Overlord  
  82  5:27  Hive  
  82  5:28  Zergling x8  
  83  5:34  Overlord  
  86  5:40  Zergling x2  
  86  5:41  Zergling x8  
  91  5:48  Overlord  
  91  5:56  Zergling x10  
  83  6:07  Swarm Host x2  
  89  6:18  Swarm Host x2  
  95  6:26  Overlord  
  95  6:30  Hydralisk Den  
  94  6:38  Zergling x6  
  97  6:47  Ultralisk Cavern  
  96  6:56  Adrenal Glands  
  81  7:17  Zergling x8  
  81  7:18  Zergling x16  
  81  7:20  Queen x2  
  97  7:25  Overlord  
  97  7:34  Ultralisk  
  103  7:39  Ultralisk  
  109  7:48  Ultralisk  
  102  8:00  Zergling x2  
  102  8:01  Zergling x10  
  107  8:09  Chitinous Plating  
  107  8:17  Zergling x10  
  112  8:26  Ultralisk  
  115  8:38  Ultralisk  
  118  8:58  Hatchery  
  113  9:05  Ultralisk  
  119  9:14  Lurker Den  
  119  9:19  Swarm Host  
  118  9:27  Overseer  
  118  9:54  Hydralisk  
  118  9:55  Hydralisk x2  
  118  9:56  Overlord x2  
  122  10:12  Zergling x16  
Tags
 
Add a new tag
Caveats
  • Supply blocks, unpowered buildings, or Contaminate may cause inaccurate times.
  • Supply counts are checked every 10 seconds.